Steven, chaotic male elven Wizard ----------- -------- |.......<.|# |......-######### |........*|# |......| # -+-------.-# -.----.- ### ## # # ###### # # ### # ### ------- ### # ##### # |..((.| ------.-- #q# # # ### |.((((| |.......| # @ ### # # ------------- |..((.| |.....(.+ # #### # ##............| #-.(.(.| |...*...| # #f# # |...........| ###------- |........# # s### # |...........| # |....>..|# #--.--.------ |............####### ---------### #|..........| ------------- # #i..........| ###|..........| #...........| |._........| ------------ Steven the Conjurer Experience level: 3 Strength: 11 Dexterity: 16 Constitution: 15 Intelligence: 16 Wisdom: 9 Charisma: 9 Health: 0(28) Energy: 29(33) Def: 1 Gold: 524 Moves: 1703 Dungeon seed: 3VmagEdsmPYgaPv9 Game ID: Steven_1440628911 Your Inventory: Coins $ - 524 gold pieces Amulets C - a blessed amulet of ESP (being worn) Weapons a - a blessed +1 quarterstaff A - an uncursed +0 elven dagger (weapon in hand) Armor e - an uncursed +0 cloak of magic resistance (being worn) Comestibles q - an uncursed food ration r - 3 uncursed sprigs of wolfsbane K - an uncursed fortune cookie L - an uncursed lichen corpse Scrolls i - an uncursed scroll of remove curse j - an uncursed scroll of identify k - an uncursed scroll of water D - an uncursed scroll of stinking cloud E - an uncursed scroll of enchant armor H - an uncursed scroll of teleportation I - a blessed scroll of remove curse Spellbooks l - a blessed spellbook of force bolt m - a blessed spellbook of magic missile n - an uncursed spellbook of healing Potions f - an uncursed potion of object detection g - a blessed potion of paralysis h - an uncursed potion of water Rings c - an uncursed ring of warning (on left hand) d - an uncursed ring of polymorph Wands b - an uncursed wand of slow monster (0:6) F - an uncursed wand of enlightenment (0:14) Tools o - an uncursed magic marker (0:54) p - an uncursed leather drum s - an uncursed magic whistle t - an uncursed stethoscope v - an uncursed lock pick J - an uncursed bag of tricks (0:1) Spells and supernatural/magical abilities: Name Level Category Fail Memory a - force bolt 1 attack 0% 92% h - healing 1 healing 0% 92% m - magic missile 2 attack 0% 92% W - pray for help -- divine ? -- Your skills at the end: Fighting Skills Weapon Skills quarterstaff [Basic] Spellcasting Skills attack spells [Basic] enchantment spells [Basic] Final Attributes: You were piously aligned. You were magic-protected. You were telepathic. You were warned. You had infravision. You are dead. Vanquished creatures: a kobold lord 2 iguanas 2 hobbits 3 cave spiders a green mold 2 gnome zombies a gecko 3 jackals a fox a kobold a goblin 2 sewer rats 3 grid bugs 3 lichens a kobold zombie 6 newts 33 creatures vanquished. Voluntary challenges: You were vegetarian. You used a wielded weapon 42 times, starting on turn 4. You read items or engraved 2 times, starting on turn 953. You never genocided any monsters. You never polymorphed an object. You never changed form. You used no wishes. You never split a pudding. You wrote Elbereth's name 1 time, starting on turn 1361. You never violated your personal moral code. Dungeon overview: The Dungeons of Doom: levels 1 to 6 Level 1 a long staircase Level 2 a fountain, a sink stairs to The Gnomish Mines Level 3 a fountain Level 4 a sink Level 5 <- You were here a hardware shop, an altar to Ptah Level 6 The Gnomish Mines: Level 3 stairs to The Dungeons of Doom History has recorded: On T:1 you entered the Dungeons of Doom to retrieve the Amulet of Yendor! On T:258 you reached level 2 of The Dungeons of Doom. On T:391 you reached level 1 of The Gnomish Mines. On T:473 you reached level 3 of The Dungeons of Doom. On T:719 you advanced to experience level 2. On T:802 you reached level 4 of The Dungeons of Doom. On T:891 you advanced to experience level 3. On T:1085 you reached level 5 of The Dungeons of Doom. On T:1443 you reached level 6 of The Dungeons of Doom. Score breakdown: Gold: 524 ( 52 points) Experience: 3 levels ( 200 points) Exploration: 6 levels ( 150 points) Discoveries: 7 items ( 350 points) Variety of kills: 16 monsters ( 800 points) Major goal: (nothing yet) ( 0 points) Survival: died (score multiplied by 3) Total score: 4656 Latest messages: You miss the rothe. The rothe hits! The rothe bites! (2x) You die... Final status: Goodbye Steven the Wizard, killed by a rothe... You died in The Dungeons of Doom on dungeon level 5 with 4656 points, and 524 pieces of gold, after 1703 moves. You were level 3 with a maximum of 28 hit points when you died.